AoeStats
← TIMVP

Arabia

508457878Analyzed
1v1 RM · 10d ago on Sep 22, 2026· 41m 37s· 2 players
Game mode
Random Map
Map size
Tiny (2 player)
Population
200
Speed
Normal
Resources
Standard
Victory
Conquest
Starting age
Dark Age
Ending age
Imperial Age
RankedLock teamsTeams togetherTeam positionsShared explorationLock speedFull tech treeHidden civsTurbo modeCheats
Victory
Defeat
🇫🇷 Poles · France
573
+15
🇵🇪 Romans · Peru
546
-15
TIMVP
12:11 Feudal Age
12:50 Double-Bit Axe
13:45 Wheelbarrow
16:30 Bloodlines
19:42 Man-at-Arms
22:40 Castle Age
20:43 Stone Mining
23:37 Scale Mail Armor
23:16 Long Swordsman
28:11 Chain Mail Armor
29:34 Husbandry
30:30 Pikeman
31:11 Squires
38:28 Hand Cart
Evinrude
11:17 Feudal Age
23:40 Castle Age
22:07 Man-at-Arms
23:56 Bloodlines
24:52 Scale Mail Armor
25:49 Double-Bit Axe
27:20 Horse Collar
28:20 Husbandry
29:29 Forging
30:09 Long Swordsman
31:37 Thumb Ring
34:53 Chain Mail Armor
34:29 Fletching
41:12 Imperial Age
39:26 Bodkin Arrow
42:32 Ballistics
Connection lost

Rejoining the realm…

Still unreachable

The connection could not be restored.

Session expired

The server has moved on; the page needs a fresh start.